[Event "New Zealand Rapid Championship"]
[Site "Wellington"]
[Date "2023.01.12"]
[Round "6.10"]
[White "Suggate, Romero"]
[Black "Langford, Joshua"]
[Result "1/2-1/2"]
[TimeControl "25+5"]
[WhiteFideId "4313534"]
[BlackFideId "4314557"]
[WhiteElo "1806"]
[BlackElo "1843"]

1. e4 c6 2. Nf3 d5 3. d3 g6 4.
Nbd2 Bg7 5. g3 Bg4 6. h3 Bxf3 7.
Qxf3 e6 8. Bg2 Nf6 9. O-O O-O 10. Qe3 Qb6 11. Qxb6 axb6 12. e5 Nfd7 13. f4 Na6 14. c3 b5 15. a3 Nab8 16. Nb3 c5 17.
Be3 c4 18. dxc4 bxc4 19. Nd2 Na6 20.
b4 cxb3 21. Nxb3 Rfc8 22. Rfc1 Bf8 23. c4 Rxc4 24. Rxc4 dxc4 25. Na5 Nac5 26. Nxc4 Rb8 27. a4 b5 28. axb5 Rxb5 29. Ra8 Kg7 30. Bc6 Rb3 31. Ra7 Rc3 32. Bb5 Kg8 33. Kf2 Ne4+ 34.
Kf3 Ndc5 35. Ra8 Kg7 36. Ra7 Kg8 37.
Ra8 Rb3 38. Bc6 Kg7 39. Ra7 Kg8 40. Bb5 Rc3 41.
Nb6 h5 42. Ra5 Rb3 1/2-1/2

[Event "New Zealand Rapid Championship"]
[Site "Wellington"]
[Date "2023.01.12"]
[Round "6.11"]
[White "Archer, Ollie"]
[Black "Yue, Annie"]
[Result "1-0"]
[TimeControl "25+5"]
[WhiteFideId "4317262"]
[BlackFideId "4311663"]
[WhiteElo "1806"]
[BlackElo "1170"]

1. d4 d5 2. c4 e6 3. Nc3 Nf6 4. cxd5 exd5 5. Bg5 Be7 6. e3 h6 7. Bh4 Bf5 8. Bxf6 Bxf6 9. Qb3 b6 10. Qxd5 Qxd5 11. Nxd5 Bd8 12.
Rc1 c6 13. Nb4 Bd7 14. Nf3 Be7 15. Nd3 f6 16. Nf4 Bb4+ 17. Kd1 g5 18. Nh5 Rf8 19. Bd3 f5 20. h4 f4 21. hxg5 hxg5 22.
Nxg5 fxe3 23. fxe3 Bg4+ 24. Be2 Rf2 25. Nf6+ Rxf6 26. Bxg4 Na6 27. Rh8+ Rf8 28. Rxf8+ Kxf8 29. Rxc6 Ke7 30. Bc8 Nb8 31. Re6+ Ke8 1-0

[Event "New Zealand Rapid Championship"]
[Site "Wellington"]
[Date "2023.01.12"]
[Round "6.14"]
[White "Loke, Kayden"]
[Black "McDonald, Duncan"]
[Result "1/2-1/2"]
[TimeControl "25+5"]
[WhiteFideId "4313186"]
[BlackFideId "4314433"]
[WhiteElo "1907"]
[BlackElo "1372"]

1. e4 c5 2. Nf3 Nc6 3. c3 Nf6 4.
Bd3 d5 5. exd5 Nxd5 6. Bc2 e5 7.
O-O Bd6 8. d4 cxd4 9. cxd4 exd4 10. Re1+ Be6 11. Bf5 Qf6 12. Bxe6 fxe6 13. Ng5 e5 14. Ne4 Qe7 15. Bg5 Nf6 16.
Nbd2 O-O 17. Nxf6+ gxf6 18. Bh6 Rf7 19. f4 Qd7 20. Ne4 Bf8 21. Qh5 Bxh6 22. Qxh6 Qe7 23. f5 Kh8 24. a4 Rg8 25.
Ra3 Qf8 26. Rh3 Qg7 27. g3 Qxh6 28. Rxh6 Kg7 29. Rh4 Rd8 30. Nc5 Rd6 31. Ne6+ Kh8 32. Kf2 Nd8 33. Nc5 Rc7 34. b4 b6 35.
Ne4 Rc2+ 36. Kf1 Rdc6 37. b5 Rc7 38. Nxf6 Rf7 39. Rxe5 Rxf6 40. Re8+ Kg7 41. Rxd8 Rxf5+ 42. Kg1 Re5 43. Rg4+ Kh6 44. Rh4+ Kg6 45.
Rg4+ Kh5 46. Rh4+ Kg6 47. Rf4 Re1+ 48. Rf1 Ree2 49. Rd6+ Kg5 50. Rd5+ Kg6 51. Rd1 Rg2+ 52. Kf1 Rxh2 53.
Kg1 Rhg2+ 54. Kh1 Rh2+ 55. Kg1 Rhg2+ 56. Kf1 Rgf2+ 1/2-1/2

[Event "New Zealand Rapid Championship"]
[Site "Wellington"]
[ePGN "0.1;DGT LiveChess/2.2.5"]
[Date "2023.01.12"]
[Round "7.1"]
[White "Shoker, Samy"]
[Black "Xie, Felix"]
[Result "1-0"]
[TimeControl "25+5"]
[WhiteTitle "GM"]
[BlackTitle "CM"]
[WhiteFideId "627143"]
[BlackFideId "4308174"]
[WhiteElo "2440"]
[BlackElo "2232"]

1. Nf3 d5 2. g3 c6 3. Bg2 Nf6 4. O-O Bg4 5. d3 Nbd7 6. Nbd2 e5 7. e4 dxe4 8. dxe4 Be7 9. h3 Bh5 10. Qe1 O-O 11. a4 a5 12.
Nh4 Re8 13. Nf5 Bf8 14. Nc4 Qc7 15. b3 Nc5 16. Bb2 Nfd7 17. h4 Ne6 18. Bc3 b6 19. f3 Bc5+ 20. Kh2 f6 21. Rd1 Ndf8 22.
Bh3 Rad8 23. Qe2 Bf7 24. Rxd8 Rxd8 25. Rd1 Ng6 26. Be1 Nd4 27. Nxd4 Bxd4 28. Bf1 Kh8 29. Kg2 Nf8 30. c3 Bc5 31. Rc1 Ne6 32. b4 axb4 33. cxb4 Nd4 34. Qb2 Be7 35. a5 b5 36. Ne3 Qa7 37. Bf2 Qb7 38. Qc3 Rc8 39. Nc2 Ne6 40. Ra1 Ra8 41. Rd1 Rc8 42. Qa1 c5 43. a6 Qb6 44. Rd7 Rc7 45. a7 Rxd7 46. a8=Q+ Rd8 47. Q8a7 Qd6 48. bxc5 Nxc5 49. Qxc5 Qe6 50. Qxb5 Bh5 51.
Qe2 Qc6 52. Qaa6 Qc3 53. Ne3 Bf7 54.
Qb7 Re8 55. Qeb2 Qc5 56. Nf5 1-0

[Event "New Zealand Rapid Championship"]
[Site "Wellington"]
[Date "2023.01.12"]
[Round "7.2"]
[White "Ker, Anthony F"]
[Black "Hague, Ben"]
[Result "1/2-1/2"]
[TimeControl "25+5"]
[WhiteTitle "IM"]
[BlackTitle "FM"]
[WhiteFideId "4300084"]
[BlackFideId "405647"]
[WhiteElo "2359"]
[BlackElo "2410"]

1. e4 Nf6 2. e5 Nd5 3. d4 d6 4. c4 Nb6 5. f4 g6 6. Nc3 Bg7 7. Be3 Be6 8. d5 Bc8 9. Nf3 c6 10.
Be2 dxe5 11. fxe5 Bg4 12. Qd4 Bxf3 13. gxf3 cxd5 14. cxd5 N8d7 15. f4 O-O 16. O-O-O Rc8 17. Kb1 Qc7 18.
Rc1 Qc5 19. Qe4 Qa5 20. h4 Nc5 21. Bxc5 Qxc5 22. h5 Nc4 23. Bxc4 Qxc4 24. Qf3 Rfd8 25. hxg6 hxg6 26. e6 fxe6 27.
Qh3 exd5 28. Qe6+ Kf8 29. Qxg6 Rc6 30. Qh7 Rdd6 31. Qf5+ Rf6 32. Qxd5 Qxd5 33. Nxd5 Rf5 34. Rxc6 bxc6 35. Nb4 Rxf4 36. Nd3 Rf3 37.
Kc2 Rg3 38. Rh2 Ke8 39. b4 Rg1 40. a4 Bd4 41. Kb3 e5 42. Re2 Rg5 43. Kc4 Kd7 44. Rh2 Rg4 45. Rh7+ Kd6 46. Rh6+ Ke7 47.
Rh7+ Kf6 48. Rh6+ Kf5 49. Rxc6 Bb6+ 50. Kb5 e4 51. Nc1 e3 52. a5 Bd4 53. Ne2 Be5 54. Rc5 Rg2 55. Nd4 Ke4 56. Nc6 Bf6 57. Nxa7 e2 58. Rc1 Bc3 59. Nc6 e1=Q 60. Rxe1+ Bxe1 61. a6 Rg5+ 62. Kb6 Bf2+ 63. Kb7 Rb5+ 64. Kc8 Kd5 65. a7 Bxa7 66. Nxa7 Rxb4 67. Kc7 Kc5 68.
Nc8 Rh4 69. Kd7 Rh7+ 70. Ne7 Rh6 71. Nf5 Rf6 72. Ne7 Ra6 73. Nc8 Kd5 74. Ne7+ Ke5 75. Nc6+ Kd5 76. Ne7+ Kc5 77. Nc8 Rh6 78. Ne7 Rh7 79. Ke6 Rxe7+ 80. Kxe7 1/2-1/2

[Event "New Zealand Rapid Championship"]
[Site "Wellington"]
[Date "2023.01.12"]
[Round "7.3"]
[White "Croad, Nicolas"]
[Black "Van Riemsdijk, Herman C."]
[Result "1-0"]
[TimeControl "25+5"]
[WhiteTitle "FM"]
[BlackTitle "IM"]
[WhiteFideId "4300793"]
[BlackFideId "2100053"]
[WhiteElo "2309"]
[BlackElo "2370"]

1. d4 c5 2. d5 Nf6 3. c4 b5 4. cxb5 a6 5. bxa6 Bxa6 6. Nc3 g6 7. e4 Bxf1 8. Kxf1 d6 9. Nf3 Bg7 10.
g3 O-O 11. Kg2 Qb6 12. Qc2 Na6 13. Bg5 Rfb8 14. b3 Nb4 15. Qe2 Qa6 16. Qxa6 Rxa6 17. a4 Nd7 18. Bd2 Ne5 19. Nxe5 Bxe5 20.
Rab1 f5 21. Nb5 Nd3 22. exf5 gxf5 23. Rhd1 c4 24. Bc3 Bxc3 25. Nxc3 Ne5 26. bxc4 Rc8 27. Rd4 Rxc4 28. Rxc4 Nxc4 29.
Rb4 Ne5 30. Rf4 Ra5 31. Rxf5 Rc5 32. Nb5 Rxd5 33. Nc7 Rd2 34. a5 Ra2 35. a6 Nd7 36. Rb5 Nc5 37. Rb8+ Kf7 38. Ra8 Nd7 39.
Nb5 Ra5 40. a7 Rxb5 41. Rf8+ Nxf8 42. a8=Q Re5 43. f4 Re2+ 44.
Kg1 Rd2 45. f5 Rd4 46. Qa2+ Kf6 47. Qg8 1-0

[Event "New Zealand Rapid Championship"]
[Site "Wellington"]
[Date "2023.01.12"]
[Round "7.4"]
[White "Carpinter, Anthony L"]
[Black "Van der Hoorn, Thomas"]
[Result "0-1"]
[TimeControl "25+5"]
[WhiteFideId "4300238"]
[BlackFideId "4314565"]
[WhiteElo "2147"]
[BlackElo "1888"]

1. Nf3 d5 2. e3 Nf6 3. b3 e6 4. Bb2 Be7 5. c4 O-O 6. Be2 b6 7. O-O Bb7 8. cxd5 Nxd5 9. Nc3 Bf6 10.
Rc1 Nd7 11. Qc2 c5 12. Rfd1 Qe7 13. a3 Rac8 14. Qb1 Rfd8 15. Nxd5 Bxd5 16. b4 cxb4 17. Bxf6 Nxf6 18. axb4 a5 19.
bxa5 bxa5 20. Qb5 Qa7 21. Ra1 Ra8 22. Qa4 Ne4 23. Rdc1 Nc5 24. Qa3 Nb3 25. Rcb1 Nxa1 26. Rxa1 Rdb8 27. Bd3 Rb3 0-1

[Event "New Zealand Rapid Championship"]
[Site "Wellington"]
[Date "2023.01.12"]
[Round "7.5"]
[White "Parfene, Horatiu"]
[Black "Park-Tamati, Philli"]
[Result "1-0"]
[TimeControl "25+5"]
[WhiteFideId "1208438"]
[BlackFideId "4309090"]
[WhiteElo "2085"]
[BlackElo "1861"]

1. e4 c6 2. Nc3 d5 3. g3 dxe4 4. Nxe4 Bf5 5. Bg2 Nd7 6. Ne2 Ngf6 7. d3 e5 8. O-O Be7 9. b3 O-O 10.
Bb2 Qb6 11. Nd2 Rad8 12. Nc4 Qc7 13. Ne3 Be6 14. a4 Rfe8 15. h3 Nd5 16. Nc4 f6 17. Kh2 h5 18. Ng1 h4 19. Qh5 hxg3+ 20. fxg3 b5 21. axb5 cxb5 22. Bxd5 Bxd5 23. Ne3 Bf7 24. Qg4 Nf8 25. Ra6 Bc5 26. Raxf6 Bxe3 27. Rxf7 Qxc2+ 28. R1f2 Qxf2+ 29. Rxf2 Bxf2 30. Nf3 Rxd3 31.
Kg2 Bxg3 32. Qxg3 Nd7 33. Qg6 Nf6 34. Qxd3 e4 35. Qxb5 exf3+ 36. Kxf3 Rf8 37.
Kg3 Ne4+ 38. Kg4 Nf2+ 39. Kh4 Rf7 40. Qd5 g6 41. Bd4 Nd3 42. Qa8+ Rf8 43. Qxa7 Rf7 44. Qa8+ Rf8 45. Qd5+ Rf7 46.
Kg5 Nf4 47. Qa8+ Rf8 48. Qxf8+ 1-0

[Event "New Zealand Rapid Championship"]
[Site "Wellington"]
[Date "2023.01.12"]
[Round "7.6"]
[White "Ning, Isabelle Yixuan"]
[Black "Zhang, Kendrick Botong"]
[Result "1/2-1/2"]
[TimeControl "25+5"]
[WhiteTitle "WCM"]
[BlackTitle "CM"]
[WhiteFideId "4307763"]
[BlackFideId "4307704"]
[WhiteElo "1911"]
[BlackElo "1870"]

1. d4 Nf6 2. c4 g6 3. Nc3 d5 4. Nf3 Bg7 5. Bf4 O-O 6. Rc1 c5 7. e3 cxd4 8. exd4 Nc6 9. Be2 Bf5 10. O-O dxc4 11. Bxc4 Rc8 12.
Bb3 Na5 13. Re1 e6 14. Bg5 h6 15. Bh4 g5 16. Bg3 Bg4 17. Bc2 Nc4 18. Bb3 Nh5 19. Qd3 Nxg3 20. hxg3 Nxb2 21. Qe2 Bxf3 22.
Qxb2 Qxd4 23. gxf3 Rxc3 24. Rcd1 Rd3 25. Qxd4 Rxd4 26. Rxd4 Bxd4 27. Rd1 e5 28.
Kg2 Kg7 29. Bd5 b6 30. Rc1 Bc5 31. Re1 f6 32. Re2 Rd8 33. Be4 Kf7 34. Kh3 Rd4 35. Kg4 Ke6 36. Kh5 f5 37. Bc2 Rd8 38. Kg6 Rg8 39. Kh5 Kf6 40. Bb3 Rd8 41. Bc4 Rc8 42. Bb3 Bd4 43.
Rd2 a6 44. f4 Rc1 45. fxe5+ Bxe5 46. Bd5 Rc7 47. Bb3 Rc1 48. Bd5 Ra1 49. Rc2 Rd1 50. Rc6+ Kg7 51. Bg2 Rd2 52.
Rg6+ Kf8 53. Rxh6 Rxf2 54. Bd5 Rh2+ 55. Kxg5 Rxh6 56. Kxh6 Bxg3 57. Kg5 f4 58. Kf6 Ke8 59. Ke6 b5 60. Bb7 a5 61. Bf3 b4 62. Kd5 a4 63. Kc4 Be1 64.
Bc6+ Ke7 65. Bxa4 Ke6 66. Bc6 Ke5 67.
Bf3 Kf5 68. Kb3 Kg5 69. a3 1/2-1/2

[Event "New Zealand Rapid Championship"]
[Site "Wellington"]
[Date "2023.01.12"]
[Round "7.7"]
[White "Dive, Russell J"]
[Black "Young, Cohen"]
[Result "1-0"]
[TimeControl "25+5"]
[WhiteTitle "IM"]
[WhiteFideId "4300106"]
[BlackFideId "4317440"]
[WhiteElo "2367"]
[BlackElo "1777"]

1. Nf3 Nf6 2. c4 e6 3. g3 a6 4. Bg2 b5 5. b3 Bb7 6. O-O c5 7. a4 bxc4 8. bxc4 d6 9. Nc3 Be7 10. Rb1 Qc7 11.
Qb3 Bc6 12. Qb6 Qxb6 13. Rxb6 Bd8 14. Rb1 Nbd7 15. d3 Ba5 16. Bd2 Ke7 17. Nd5+ exd5 18. Bxa5 dxc4 19. dxc4 Rab8 20. Nd4 cxd4 21.
Bxc6 Ne5 22. Bd5 Nxd5 23. cxd5 Nc4 24. Bc7 Rxb1 25. Rxb1 Kd7 26. Rb7 Rc8 27. Bb6+ Ke8 28. Bxd4 g6 29. Kg2 1-0

[Event "New Zealand Rapid Championship"]
[Site "Wellington"]
[Date "2023.01.12"]
[Round "7.8"]
[White "Sole, Michael D"]
[Black "Nyberg, Michael"]
[Result "1-0"]
[TimeControl "25+5"]
[WhiteFideId "4309030"]
[BlackFideId "4301064"]
[WhiteElo "2093"]
[BlackElo "1951"]

1. e4 e5 2. Nf3 Nc6 3. Bb5 a6 4. Ba4 Nf6 5. O-O Be7 6. Re1 b5 7. Bb3 O-O 8. a4 Bb7 9. d3 d6 10.
Bd2 Nd7 11. c3 Nc5 12. Bc2 Ne6 13. Be3 Bf6 14. Nbd2 Kh8 15. Nf1 d5 16. exd5 Qxd5 17. Ng3 Nf4 18. Bxf4 exf4 19. Ne4 Be7 20.
d4 f5 21. Bb3 Qd8 22. Nc5 Bxc5 23. dxc5 Na5 24. Qxd8 Raxd8 25. Bc2 Bxf3 26. gxf3 Nc4 27. axb5 axb5 28. b4 g6 29. Red1 Rfe8 30.
Rxd8 Rxd8 31. Rd1 Re8 32. Kf1 Re7 33.
Bb3 Ne5 34. Kg2 Kg7 35. Re1 Kf6 36. Rd1 g5 37. Rd8 g4 38. fxg4 fxg4 39. Rf8+ Kg5 40. Bc2 h5 41. Rf5+ Kh4 42.
Rxf4 Nf3 43. Be4 Nd2 44. Bc6 Nb1 45. c4 bxc4 46. Rxc4 Nd2 47. Rd4 Nb3 48. Rd7 Rxd7 49. Bxd7 Kg5 50. Be6 Nd4 51. Bd5 Kf4 52.
h3 Kg5 53. hxg4 Kxg4 54. Bc4 c6 55.
Bd3 h4 56. Be4 Kf4 57. f3 Kg5 58. Kh3 Kf4 59. Kxh4 Nxf3 60. Bxf3 Kxf3 61. b5 cxb5 62. c6 b4 63. c7 1-0

[Event "New Zealand Rapid Championship"]
[Site "Wellington"]
[Date "2023.01.12"]
[Round "7.9"]
[White "Cummings, Nick"]
[Black "Perrin, Brent"]
[Result "1/2-1/2"]
[TimeControl "25+5"]
[WhiteFideId "4301218"]
[BlackFideId "451380"]
[WhiteElo "2038"]
[BlackElo "1856"]

1. Nf3 f5 2. d3 Nf6 3. e4 d6 4. Nc3 e5 5. exf5 Bxf5 6. Qe2 Be7 7. d4 e4 8. Ng5 O-O 9. Ngxe4 Nc6 10.
Nxf6+ Bxf6 11. Be3 a5 12. a3 Qd7 13. Qd2 Rae8 14. Be2 d5 15. O-O Re6 16. Bf3 Ne7 17. Ne2 Ra6 18. Rac1 Bg4 19.
Bxg4 Qxg4 20. Ng3 h5 21. Qe2 Qxe2 22. Nxe2 Nf5 23. c3 g6 24. Nf4 Nxe3 25. fxe3 Bg5 26. Rce1 Rd6 27. g3 c6 28.
Kg2 Kg7 29. Rf3 Re8 30. Nd3 Rde6 31. Kf2 b6 32. Ne5 b5 33. Nd3 Bf6 34. Nc5 R6e7 35. Ke2 g5 36. Kd3 g4 37. Rf2 Kg6 38. e4 dxe4+ 39. Rxe4 Bg5 40.
Rfe2 Rxe4 41. Rxe4 Rxe4 42. Nxe4 Bc1 43. Kc2 Be3 44. Kd3 Bg1 45. Ke2 Bxh2 46. Kf2 h4 47. Kg2 hxg3 48. Nc5 Kf5 49.
Nb7 a4 50. Nd8 c5 51. dxc5 Ke5 52. Nb7 Kd5 1/2-1/2

[Event "New Zealand Rapid Championship"]
[Site "Wellington"]
[Date "2023.01.12"]
[Round "7.10"]
[White "Langford, Joshua"]
[Black "Tanoi, T Edward"]
[Result "0-1"]
[TimeControl "25+5"]
[WhiteFideId "4314557"]
[BlackFideId "4302087"]
[WhiteElo "1843"]
[BlackElo "1883"]

1. e4 c5 2. Nf3 Nc6 3.
d4 cxd4 4. Nxd4 e5 5. Nb5 d6 6. c4 Be6 7.
N1c3 a6 8. Na3 g6 9. Nc2 Bg7 10. Bd3 Rc8 11. O-O Nf6 12.
b3 O-O 13. Re1 b5 14. Nd5 Bxd5 15. cxd5 Nd4 16. Nxd4 exd4 17. a4 Rb8 18. Ba3 b4 19. Bb2 a5 20. Bxd4 Re8 21. Rc1 Rc8 22.
Qf3 Rxc1 23. Rxc1 Nd7 24. Bxg7 Kxg7 25. Qf4 Nc5 26. Bc2 Qf6 27. Qxf6+ Kxf6 28. f3 Ke5 29. Rd1 g5 30. Kf2 Rc8 31.
Ke3 Nxa4 32. bxa4 Rxc2 33. g3 Ra2 34. f4+ gxf4+ 35. gxf4+ Kf6 36. e5+ Ke7 37. Rc1 Ra3+ 38. Ke4 Rxa4 39. Rc7+ Kd8 40. exd6 b3+ 41. Ke5 b2 42. Rxf7 b1=Q 43.
Rf8+ Kd7 44. Rf7+ Kd8 45. Rf8+ Kd7 46. Rf7+ Kc8 47. d7+ Kd8 48. Ke6 Re4+ 49. Kf6 Rxf4+ 0-1

[Event "New Zealand Rapid Championship"]
[Site "Wellington"]
[Date "2023.01.12"]
[Round "7.12"]
[White "Winsley, Nicholas"]
[Black "Tang, Hao"]
[Result "1-0"]
[TimeControl "25+5"]
[WhiteFideId "4315146"]
[BlackFideId "4311280"]
[WhiteElo "1854"]
[BlackElo "1846"]

1. e4 c5 2. Nf3 d6 3. d4 cxd4 4. Nxd4 Nf6 5. Nc3 g6 6. Be3 Bg7 7. f3 a6 8. Bc4 Nbd7 9. Qd2 h5 10. O-O-O b5 11. Bd5 Nxd5 12. Nxd5 Bb7 13. Bg5 Bxd5 14. exd5 Bxd4 15. Qxd4 O-O 16.
Bh6 Nf6 17. Bxf8 Qxf8 18. Kb1 Qd8 19. h4 Rc8 20. g4 Qc7 21. Rd2 a5 22. gxh5 Nxh5 23. Rg1 Kh7 24. f4 Qd7 25. Qe4 Rc4 26. Rd4 Qa7 27. Rgd1 Rc5 28. Re1 Rc7 29. Rd3 Qf2 30.
Rf3 Qxh4 31. Rff1 Kg8 32. Qf3 Rc4 33. f5 Rf4 34. Qc3 Rxf1 35. Rxf1 Ng3 36. Rg1 Nxf5 37. Qxa5 Qh2 38. Re1 Nd4 39.
Qc3 Nf5 40. a3 Qg2 41. Qd3 Qh2 42. Qxb5 Qh4 43. Qb4 Qh2 44. a4 Qg2 45. Rd1 Ne3 46. Qd2 Qe4 47. Re1 Nc4 48. Qe2 Qd4 49.
c3 Qxd5 50. Qxe7 Nd2+ 51. Kc2 Nc4 52. Qe4 Qd2+ 53. Kb3 Nxb2 54. Re2 1-0

[Event "New Zealand Rapid Championship"]
[Site "Wellington"]
[Date "2023.01.12"]
[Round "7.13"]
[White "Wells, Clinton A"]
[Black "Archer, Ollie"]
[Result "0-1"]
[TimeControl "25+5"]
[WhiteFideId "4301188"]
[BlackFideId "4317262"]
[WhiteElo "1785"]
[BlackElo "1806"]

1. d4 d5 2. c4 e6 3. Nf3 Nf6 4.
Bf4 dxc4 5. Qa4+ c6 6. Qxc4 b5 7. Qc2 Bb7 8. e3 Nbd7 9. Nc3 a6 10. Be2 c5 11. Rd1 Rc8 12. Qb1 b4 13.
Na4 Be4 14. Bd3 Bxd3 15. Qxd3 c4 16. Qe2 Qa5 17. b3 c3 18. Rc1 Be7 19. Rc2 O-O 20. h3 Qb5 21. O-O Qxe2 22. Rxe2 Ne4 23.
Ne5 Nxe5 24. Bxe5 Rc6 25. Rc1 Rfc8 26. Rcc2 Nd2 27. Re1 f6 28. Bg3 Ne4 29. Bh2 Bd6 30. Bxd6 Nxd6 31. Nc5 Nb5 32.
Rec1 a5 33. f3 e5 34. a4 exd4 35. axb5 Rxc5 36. exd4 Rxb5 37. Kf2 Rb7 38. Ra1 Ra7 39. Ke2 a4 40. Kd3 axb3 41. Rxa7 bxc2 42.
Kxc2 b3+ 0-1

[Event "New Zealand Rapid Championship"]
[Site "Wellington"]
[Date "2023.01.12"]
[Round "7.14"]
[White "Wang, Justin Zhide"]
[Black "Suggate, Romero"]
[Result "1/2-1/2"]
[TimeControl "25+5"]
[WhiteFideId "4312830"]
[BlackFideId "4313534"]
[WhiteElo "1619"]
[BlackElo "1806"]

1. e4 c5 2. Nc3 Nc6 3. Bb5 a6 4. Bxc6 bxc6 5. f4 e6 6.
Nf3 d5 7. d3 Be7 8. O-O Rb8 9. Ne2 Bf6 10. e5 Be7 11. c4 Nh6 12. b3 Nf5 13. Ng3 g6 14. Nxf5 gxf5 15. Ng5 Bxg5 16.
fxg5 O-O 17. Bf4 Kh8 18. Rf3 Rg8 19.
Rh3 Rg6 20. Be3 Rb7 21. Qh5 Qg8 22. Rg3 Qg7 23. Bf4 a5 24. Rc1 d4 25. h4 Qf8 26. Qf3 Bd7 27. h5 Rg8 28. g6 fxg6 29.
hxg6 Rxg6 30. Rxg6 hxg6 31. Qh3+ Kg8 32. Qh4 Qg7 33. Bh6 Qh8 34.
Kf2 Be8 35. Rh1 Rh7 36. Qf4 Kf7 37. g4 Ke7 38. g5 Bd7 39. Re1 Qb8 40. Qd2 Qb4 41. Qxb4 cxb4 42. a3 c5 43. axb4 axb4 44. Ra1 Rh8 45. Ra7 Rc8 46. Bg7 Ke8 47. Bf6 Rc6 48.
Ra5 Rc8 49. Bg7 Rc7 50. Bh8 Bc8 51. Ra8 Kd7 52. Bg7 Ke8 53. Bh6 Kf7 54. Ra5 Bd7 55. Ra8 Rc8 56. Ra7 1/2-1/2

[Event "New Zealand Rapid Championship"]
[Site "Wellington"]
[ePGN "0.1;DGT LiveChess/2.2.5"]
[Date "2023.01.12"]
[Round "8.1"]
[White "Croad, Nicolas"]
[Black "Shoker, Samy"]
[Result "0-1"]
[TimeControl "25+5"]
[WhiteTitle "FM"]
[BlackTitle "GM"]
[WhiteFideId "4300793"]
[BlackFideId "627143"]
[WhiteElo "2309"]
[BlackElo "2440"]

1. e4 g6 2. d4 Bg7 3. Nc3 d6 4. Nf3 a6 5. a4 Nc6 6.
Be2 Nf6 7. O-O O-O 8. h3 e6 9. Be3 h6 10. Qd2 Kh7 11. Rad1 Ne7 12. Bd3 b6 13. Ne2 Bb7 14. Ng3 d5 15.
exd5 Nexd5 16. c3 Qe8 17. Qc2 Nxe3 18. fxe3 Nd5 19. Rde1 Kg8 20. Ne5 Rd8 21. e4 Ne7 22. Ng4 f6 23.
Bc4 Bc8 24. Ne2 Kh7 25. Nf4 e5 26. dxe5 fxe5 27. Ne6 Rxf1+ 28. Rxf1 Bxe6 29. Bxe6 Qc6 30. Bb3 h5 31. Nh2 Qc5+ 32. Qf2 Qxf2+ 33. Rxf2 Rf8 34. Nf3 Kh6 35. Rd2 Nc8 36.
Rd7 Nd6 37. Bd5 Rf4 38. Rxc7 Nxe4 39. Rc6 Nf6 40. Bf7 e4 41. Nd4 e3 42. Bc4 b5 43. axb5 axb5 44. Bxb5 Rf2 45. b4 Nd5 46. Bd3 Nf4 47.
Bb5 Kh7 48. Rc7 Kh6 49. Rc6 Kh7 50.
Rc7 h4 51. Bc4 Rxg2+ 52. Kf1 Rf2+ 53. Ke1 Kh6 54. Rc6 Nxh3 55.
b5 Bxd4 56. cxd4 Nf4 57. b6 h3 58. b7 h2 0-1

[Event "New Zealand Rapid Championship"]
[Site "Wellington"]
[Date "2023.01.12"]
[Round "8.2"]
[White "Xie, Felix"]
[Black "Ker, Anthony F"]
[Result "1/2-1/2"]
[TimeControl "25+5"]
[WhiteTitle "CM"]
[BlackTitle "IM"]
[WhiteFideId "4308174"]
[BlackFideId "4300084"]
[WhiteElo "2232"]
[BlackElo "2359"]

1. d4 Nf6 2. c4 e6 3. g3 Bb4+ 4. Bd2 Qe7 5. Nf3 Ne4 6. Bg2 O-O 7. O-O Bxd2 8. Nfxd2 Nxd2 9. Qxd2 d6 10.
Nc3 c6 11. b4 d5 12. c5 e5 13. e4 exd4 14. Qxd4 dxe4 15. Nxe4 a5 16. a3 axb4 17. axb4 Rxa1 18. Rxa1 Na6 19. Nd6 Nc7 20. Rd1 Be6 21. Re1 Ne8 22. Bh3 Nxd6 23.
cxd6 Qd7 24. Bxe6 fxe6 25. Qe5 Re8 26. Re4 g6 27. h4 Rd8 28.
Rd4 Rf8 29. g4 Qf7 30. f4 Qd7 31. Re4 Kf7 32. h5 Rd8 33. Rd4 b6 34.
Rd2 Rg8 35. Kf1 c5 36. Rh2 Qb5+ 37. Kg1 h6 38. Re2 Qc4 39. g5 hxg5 40. fxg5 Qd4+ 41. Qxd4 cxd4 42. Rf2+ Ke8 43. h6 Kd7 44. Rf4 e5 45. Rf6 e4 46. Kf2 e3+ 47.
Ke2 Re8 48. Rf1 Kxd6 49. Kd3 Ke5 50.
Rf7 Rc8 51. Re7+ Kf5 52. Kxd4 Kxg5 53. h7 Kh6 54. Kxe3 Rh8 55. Rb7 Rxh7 56. Rxb6 Kg5 57. Kf3 Rh3+ 58. Kg2 Rb3 59. Rb8 Kg4 60. Kf2 g5 61. b5 Rb2+ 62. Ke3 Kg3 63. Kd4 g4 64. Kc5 Kg2 65. b6 g3 66. Rg8 Kf2 67. Kc6 g2 68. Rxg2+ Kxg2 69. b7 1/2-1/2

[Event "New Zealand Rapid Championship"]
[Site "Wellington"]
[Date "2023.01.12"]
[Round "8.3"]
[White "Hague, Ben"]
[Black "Parfene, Horatiu"]
[Result "1-0"]
[TimeControl "25+5"]
[WhiteTitle "FM"]
[WhiteFideId "405647"]
[BlackFideId "1208438"]
[WhiteElo "2410"]
[BlackElo "2085"]

1. d4 Nf6 2. Bg5 g6 3. Bxf6 exf6 4. e3 Bg7 5. g3 O-O 6. Bg2 d5 7. Ne2 c6 8. O-O Bg4 9. Nd2 Na6 10. Re1 Nc7 11. c4 Re8 12.
Qb3 Qd7 13. Nc3 Be6 14. cxd5 Nxd5 15. Nxd5 Bxd5 16. Bxd5 cxd5 17. Rac1 Rac8 18. Nb1 Bf8 19. Nc3 Red8 20. Rc2 Rc4 21.
Nxd5 Rc6 22. Nf4 Rdc8 23. Rec1 g5 24. Rxc6 Rxc6 25. Rxc6 gxf4 26. Rxf6 Bg7 27. Rxf4 Bh6 28. Rf3 1-0

[Event "New Zealand Rapid Championship"]
[Site "Wellington"]
[Date "2023.01.12"]
[Round "8.4"]
[White "Van Riemsdijk, Herman C."]
[Black "Van der Hoorn, Thomas"]
[Result "1-0"]
[TimeControl "25+5"]
[WhiteTitle "IM"]
[WhiteFideId "2100053"]
[BlackFideId "4314565"]
[WhiteElo "2370"]
[BlackElo "1888"]

1. e4 c6 2. d4 d5 3. Nc3 dxe4 4. Nxe4 Nf6 5. Nxf6+ exf6 6. c3 Bd6 7. Bd3 O-O 8. Qc2 Re8+ 9.
Ne2 h5 10. Be3 h4 11. O-O-O Nd7 12. g3 h3 13. Bh7+ Kh8 14. Bf5 Nf8 15. Nf4 Bxf4 16. Bxf4 g6 17. Bxc8 Rxc8 18. Rhe1 Qd7 19.
Qb3 Rxe1 20. Rxe1 Re8 21. Be3 Ne6 22. Rd1 Rd8 23. c4 Qc7 24. Kb1 b6 25. d5 cxd5 26. cxd5 Nc5 27. Qc4 Ne6 28.
Qh4+ Kg8 29. Qxf6 Ng7 30. Bd4 1-0

[Event "New Zealand Rapid Championship"]
[Site "Wellington"]
[Date "2023.01.12"]
[Round "8.5"]
[White "Zhang, Kendrick Botong"]
[Black "Dive, Russell J"]
[Result "0-1"]
[TimeControl "25+5"]
[WhiteTitle "CM"]
[BlackTitle "IM"]
[WhiteFideId "4307704"]
[BlackFideId "4300106"]
[WhiteElo "1870"]
[BlackElo "2367"]

1. e4 Nf6 2. e5 Nd5 3.
c4 Nb6 4. d4 d6 5. exd6 cxd6 6. Nc3 g6 7. Be3 Bg7 8. b3 O-O 9.
Nf3 Bg4 10. Be2 Nc6 11. h3 Bxf3 12. Bxf3 e6 13. Qd2 d5 14. cxd5 Nxd5 15. Nxd5 exd5 16. O-O Qd6 17. Rac1 Rad8 18.
Rc5 Qe6 19. b4 b6 20. Rc2 a5 21.
a3 axb4 22. axb4 h5 23. Rfc1 Ne7 24.
Bh6 Rc8 25. Bxg7 Kxg7 26. Rxc8 Rxc8 27. Re1 Qf6 28. Qe3 Nf5 29. Qe5 Rc4 30. Bxd5 Rxb4 31. Qxf6+ Kxf6 32. Re8 Rxd4 33. Bf3 Rd6 34. Rb8 Nd4 35. Be4 Ke5 36. Bd3 Ne6 37. Bc4 Kd4 38.
Bb5 Kc5 39. Ba4 Nd4 40. Be8 f5 41. Kf1 b5 42. Ke1 b4 43. Bf7 Nc6 44. Rb7 Ne5 45. Bg8 Rb6 46. Rc7+ Kd4 47. Rc2 b3 48.
Bxb3 Rxb3 49. Rc8 Rb1+ 50. Ke2 Rb2+ 51. Ke1 Nd3+ 52. Kf1 Rxf2+ 53. Kg1 Rb2 54. Re8 Nf4 55. h4 Nxg2 56. Rd8+ Kd5 0-1

[Event "New Zealand Rapid Championship"]
[Site "Wellington"]
[Date "2023.01.12"]
[Round "8.6"]
[White "Tanoi, T Edward"]
[Black "Sole, Michael D"]
[Result "0-1"]
[TimeControl "25+5"]
[WhiteFideId "4302087"]
[BlackFideId "4309030"]
[WhiteElo "1883"]
[BlackElo "2093"]

1. d4 Nf6 2. Nf3 d5 3. Bg5 Ne4 4. Bh4 c5 5. e3 Qb6 6. Qc1 cxd4 7. exd4 Nc6 8. c3 Bf5 9. Be2 Rc8 10.
O-O e6 11. Nbd2 Bd6 12. Nb3 a5 13. Nbd2 O-O 14. a4 Rfe8 15. Bb5 Be7 16. Bxe7 Rxe7 17. Nh4 Nxd4 18. Nxf5 exf5 19. Nxe4 fxe4 20.
Qe3 f5 21. cxd4 Rf8 22. g3 f4 23. gxf4 Qd6 24. Be2 Rxf4 25. Kh1 Ref7 26. Rac1 h6 27.
Qg3 Qe6 28. Bh5 Rf8 29. Rg1 Qf6 30. Rc7 g5 31. h4 Rf5 32. Rd7 Rc8 33. Rd6 Qxd4 34. Bg4 Rcf8 35. Bxf5 Rxf5 36. Rxh6 e3 37.
Rg6+ Kf7 38. Rxg5 Qe4+ 39. f3 Rxf3 40. Qc7+ Ke6 41. Rg6+ Rf6+ 42. R1g2 Rxg6 43. Qb6+ Kf7 44. Qxb7+ Kg8 45. Qc8+ Kh7 46. Qd7+ Kh6 47.
Qh3 e2 48. Kh2 Qxg2+ 49. Qxg2 Rxg2+ 50. Kxg2 0-1